 Dungeon Crawl Stone Soup version 0.31.0-11-ge490571c62 (webtiles) character file.

Game seed: 6856547299128090564

916 dialectric the Cudgeller (level 7, -3/60 (61) HPs)
             Began as a Minotaur Fighter on Feb 3, 2024.
             Slain by Grinder (6 damage)
             ... while paralysed by Grinder
             ... on level 4 of the Dungeon.
             The game lasted 00:03:20 (3135 turns).

dialectric the Cudgeller (Minotaur Fighter)         Turns: 3135, Time: 00:03:21

HP:   -3/60 (61)    AC:  8    Str: 23    XL:     7   Next: 83%
MP:   6/6           EV:  2    Int:  5    God:
Gold: 176           SH:  0    Dex:  9    Spells: 6/6 levels left

rFire   . . .        g - +0 whip (freeze)
rCold   . . .        (no shield)
rNeg    . . .        b - +0 scale mail
rPois   .            (helmet restricted)
rElec   .            (no cloak)
rCorr   .            (no gloves)
SInv    .            p - +0 pair of boots
Will    .....        (no amulet) Stlth
                     k - ring of flight
HPRegen 0.30/turn    (no ring)
MPRegen 0.10/turn

%: no passive effects
@: paralysed, mighty, flying, lightly drained
A: horns 2, retaliatory headbutt, deterioration 1, high MP 1
a: no special abilities


You were on level 4 of the Dungeon.
You visited 1 branch of the dungeon, and saw 4 of its levels.

You collected 176 gold pieces.

Inventory:

Hand Weapons
 a - a +0 flail
 g - a +0 whip of freezing (weapon)
Missiles
 j - 4 poisoned darts (quivered)
Armour
 b - a +0 scale mail (worn)
 c - a +0 buckler
 p - a +0 pair of boots (worn)
Jewellery
 k - a ring of flight (left hand)
Scrolls
 f - a scroll of identify {unknown}
 h - a scroll of fog {unknown}
 m - a scroll of enchant armour {unknown}
 n - a scroll of silence {unknown}
 o - 2 scrolls of noise {unknown}
 q - 2 scrolls of vulnerability {unknown}
 s - a scroll of blinking {unknown}
 u - a scroll of poison {unknown}
 v - a scroll of butterflies {unknown}
Potions
 e - a potion of heal wounds {unknown}
 i - a potion of attraction
 l - a potion of invisibility
 r - a potion of brilliance {unknown}
 t - a potion of resistance {unknown}


   Skills:
 + Level 5.2 Fighting
 + Level 7.1 Maces & Flails
 + Level 0.6 Throwing
 + Level 6.1 Armour
 + Level 1.9 Dodging
 * Level 6.0 Shields


You had 6 spell levels left.
You didn't know any spells.
Your spell library contained the following spells:

 Spells                   Type           Power      Damage    Failure   Level
 Momentum Strike          Conj/Tloc      0%         3d8       88%         2
 Volatile Blastmotes      Fire/Tloc      0%         2d10      98%         3
 Arcjolt                  Conj/Air       0%         1d10      100%        5


Dungeon Overview and Level Annotations

Branches:
Dungeon (4/15)
 Temple: D:4-7

Altars:
Vehumet

Annotations:
D:4 Grinder


Innate Abilities, Weirdness & Mutations

You have a pair of horns on your head.
You reflexively headbutt those who attack you in melee.
Your body sometimes deteriorates upon taking damage.
You have an increased reservoir of magic. (+10% MP)


Message History

Grinder gestures at you. Pain shoots through your body!
You completely miss Grinder. You headbutt Grinder!
Grinder is severely wounded.
You barely miss Grinder. You headbutt Grinder, but do no damage.
Grinder is severely wounded.
Grinder hits you but does no damage.
You hit Grinder.
Grinder is severely wounded.
Grinder gestures at you.
You suddenly lose the ability to move!
Grinder blinks!
You can move again.
Grinder blinks!
Grinder hits you!
* * * LOW HITPOINT WARNING * * *
You writhe in agony.
* * * LOW HITPOINT WARNING * * *
You closely miss Grinder. Your headbutt misses Grinder.
Grinder is severely wounded.
Grinder hits you.
* * * LOW HITPOINT WARNING * * *
You hit Grinder.
Grinder is severely wounded.
You feel very mighty all of a sudden. Grinder barely misses you.
You barely miss Grinder.
Grinder is severely wounded.
Grinder hits you but does no damage.
You closely miss Grinder. Your headbutt misses Grinder.
Grinder is severely wounded.
Grinder gestures at you.
You suddenly lose the ability to move!
Grinder hits you!
* * * LOW HITPOINT WARNING * * *
You writhe in agony.
* * * LOW HITPOINT WARNING * * *
Grinder hits you.
You die...
Grinder sighs, "Dead already?
I want a refund."

#.#
#.##.#....
#.# #
...#.#...#
#.#.#
####.#....
.#######.#.#
#.#.#..
...........#
#.#....
########.###
#.##### #.#
#...... #.#
####### #@#
#5# #.# #.#
#.# #.. #.#
###


You could see Grinder.

Vanquished Creatures
  Pikel (D:4)
  A black bear (D:4)
  A phantom (D:4)
  A lemure (D:4)
  Blork the orc (D:4)
  A bombardier beetle (D:3)
  A hound (D:3)
  An iguana (D:4)
  An orc wizard (D:3)
  A gnoll (D:2)
  4 adders
  A dart slug (D:4)
  2 ribbon worms (D:4)
  9 orcs
  11 endoplasms
  2 giant cockroaches
  6 goblins
  13 hobgoblins
  3 quokkas
  3 ball pythons
  A bat (D:2)
  8 frilled lizards
  7 kobolds
  4 rats
84 creatures vanquished.

Notes
Turn   | Place    | Note
-------+----------+-------------------------------------------
     0 | D:1      | dialectric the Minotaur Fighter began the quest for the
                  | Orb.
     0 | D:1      | Reached XP level 1. HP: 19/19 MP: 0/0
   164 | D:1      | Reached XP level 2. HP: 27/27 MP: 1/1
   417 | D:1      | Reached skill level 3 in Maces & Flails
   875 | D:2      | Reached XP level 3. HP: 33/33 MP: 2/2
  1386 | D:3      | Found a radiant altar of Vehumet.
  1388 | D:3      | Reached XP level 4. HP: 40/40 MP: 3/3
  1662 | D:3      | Got the Quarto of the Blasted Wayfarer
  1699 | D:3      | Reached skill level 4 in Maces & Flails
  1708 | D:3      | Reached XP level 5. HP: 39/46 MP: 4/4
  2227 | D:4      | Noticed a black bear
  2233 | D:4      | Killed a black bear
  2234 | D:4      | Reached skill level 5 in Maces & Flails
  2234 | D:4      | Reached XP level 6. HP: 52/53 MP: 5/5
  2326 | D:4      | Noticed Blork the orc
  2337 | D:4      | Killed Blork the orc
  2338 | D:4      | Reached skill level 5 in Armour
  2338 | D:4      | Reached skill level 1 in Dodging
  2435 | D:4      | Noticed Pikel
  2523 | D:4      | Reached skill level 5 in Shields
  2550 | D:4      | Gained mutation: You have an increased reservoir of magic.
                  | (+10% MP) [potion of mutation]
  2550 | D:4      | Gained mutation: Your body sometimes deteriorates upon
                  | taking damage. [potion of mutation]
  2553 | D:4      | Reached skill level 6 in Maces & Flails
  2555 | D:4      | Killed Pikel
  2556 | D:4      | Reached skill level 5 in Fighting
  2556 | D:4      | Reached skill level 7 in Maces & Flails
  2556 | D:4      | Reached XP level 7. HP: 29/61 MP: 6/6
  3096 | D:4      | Noticed Grinder
  3098 | D:4      | Paralysed by Grinder for 2 turns
  3121 | D:4      | Paralysed by Grinder for 2 turns
  3133 | D:4      | Paralysed by Grinder for 4 turns
  3134 | D:4      | HP: 3/60 [Grinder (2)]
  3135 | D:4      | Slain by Grinder

Illustrated notes

Levels and vault maps discovered:
D:1:      sevenhm_arrival_forest_fort_small_6, layout_loops_ring, serial_forest,
          infiniplex_forest_lined_room_, infiniplex_forest_zigzag_2,
          infiniplex_forest_end_1, infiniplex_forest_lined_1,
          infiniplex_forest_clump_curved, infiniplex_forest_straight_2,
          infiniplex_forest_clump_diagonal, infiniplex_forest_corner_1,
          minmay_pentomino_o4
D:2:      layout_basic, st_stairs_5, minivault_25
D:3:      layout_loops_ring, mainiacjoe_overflow_chevrons
D:4:      layout_basic, uniq_grinder, uniq_pikel, uniq_blork_the_orc

Skill      XL: |  1  2  3  4  5  6  7 |
---------------+----------------------+-----
Armour         | 4 6 |  6.1
Maces & Flails | 3 4 5 7 |  7.1
Fighting       | 4 5 |  5.2
Shields        | 4 5 6 |  6.0
Dodging        | 1 |  1.9
Throwing       | |  0.6

Action                     |  1- 3 |  4- 6 |  7- 9 || total
---------------------------+-------+-------+-------++-------
  Melee: Flail             |    78 |    97 |     2 ||   177
         Headbutt          |     7 |    18 |     7 ||    32
         Punch             |     1 |     2 |       ||     3
         Whip              |       |       |    40 ||    40
  Throw: Dart              |     1 |     4 |       ||     5
    Use: Potion            |       |     6 |     1 ||     7
   Stab: Invisible         |       |     1 |       ||     1
 Armour: Scale mail        |    52 |    80 |    19 ||   151
  Dodge: Dodged            |    32 |    56 |     5 ||    93
